 Dungeon Crawl Stone Soup version 0.22.0-49-gab54619 (webtiles) character file.

3334 poirepourri the Cleaver (level 9, -1/86 HPs)
             Began as a Deep Dwarf Fighter on Sept 4, 2018.
             Was a Believer of Makhleb.
             Splashed by Joseph's acid (6 damage)
             ... on level 8 of the Dungeon.
             The game lasted 00:05:47 (5353 turns).

poirepourri the Cleaver (Deep Dwarf Fighter)        Turns: 5353, Time: 00:05:48

Health: -1/86      AC:  4    Str: 20    XL:     9   Next: 72%
Magic:  5/5        EV:  7    Int:  9    God:    Makhleb [**....]
Gold:   328        SH:  9    Dex: 15    Spells: 8/8 levels left

rFire    . . .     SeeInvis .   a - +3 war axe
rCold    . . .     Gourm    .   c - +0 shield
rNeg     + . .     Faith    .   b - +0 scale mail
rPois    .         Spirit   .   (no helmet)
rElec    .         Reflect  .   d - +0 cloak
rCorr    .         Harm     .   (no gloves)
MR       +....                  (no boots)
Stlth    ..........             (no amulet)
HPRegen  0.00/turn              k - ring of positive energy
MPRegen  0.09/turn              x - ring of flight

@: corroded, non-regenerating
A: damage resistance, heal wounds, sense surroundings 2, no regeneration
a: Heal Wounds, Minor Destruction, Renounce Religion, Evoke Flight


You were on level 8 of the Dungeon.
You worshipped Makhleb.
Makhleb was pleased with you.
You were not hungry.

You visited 2 branches of the dungeon, and saw 9 of its levels.

You collected 448 gold pieces.
You spent 120 gold pieces at shops.

Inventory:

Hand Weapons
 a - a +3 war axe (weapon)
Missiles
 n - 131 bolts
 w - 6 tomahawks (quivered)
Armour
 b - a +0 scale mail (worn)
 c - a +0 shield (worn)
 d - a +0 cloak (worn)
Jewellery
 k - a ring of positive energy (left hand)
 m - an uncursed ring of magical power
 x - a ring of flight (right hand)
Wands
 o - a wand of iceblast (2)
 u - a wand of polymorph (3)
Scrolls
 h - a scroll of identify
 i - 4 scrolls of remove curse
 l - 2 scrolls of teleportation
 p - 2 scrolls of amnesia
 v - 2 scrolls of magic mapping
 y - a scroll of fog
Potions
 e - a potion of mutation
 g - 4 potions of curing
 j - 2 potions of cancellation
 q - 2 potions of flight
 r - a potion of agility
 s - 3 potions of lignification
 t - a potion of heal wounds
 z - a potion of might
Comestibles
 f - 12 rations


   Skills:
 + Level 7.5 Fighting
 - Level 12.4 Axes
 - Level 3.2 Armour
 - Level 3.2 Shields


You had 8 spell levels left.
You didn't know any spells.
Your spell library was empty.

Dungeon Overview and Level Annotations

Branches:
Dungeon (8/15)             Temple (1/1) D:5
   Lair: D:8-11

Altars:
Cheibriados
Dithmenos
Elyvilon
Fedhas
Gozag
Hepliaklqana
Makhleb
Nemelex Xobeh
Okawaru
Qazlal
Ru
Sif Muna
Trog
Uskayaw
Vehumet
Wu Jian
Xom
Yredelemnul
Zin
The Shining One

Shops:
D:8 !

Annotations:
D:8 Joseph


Innate Abilities, Weirdness & Mutations

You are resistant to damage.
You can heal yourself by infusing magical energy.
You passively map the area around you.
You do not regenerate.


Message History

* * * LOW HITPOINT WARNING * * *
You hit Joseph.
Joseph is almost dead.
Joseph hits you with an uncursed quarterstaff!
* * * LOW HITPOINT WARNING * * *
Unknown command.
You feel much better.
Joseph hits you with an uncursed quarterstaff!
Your shield and scale mail prevent you from hitting Joseph.
Joseph is almost dead.
Joseph zaps a wand.
The bolt of acid hits you!
You are splashed with acid!
The acid burns!
* * * LOW HITPOINT WARNING * * *
Okay, then.
Unknown command.
Unknown command.
Joseph zaps a wand.
The bolt of acid hits you!
* * * LOW HITPOINT WARNING * * *
You are splashed with acid!
The acid burns!
You die...

, * ≈ ≈≈ ####.## *
* * * *
###(....#### * *
#.####.#.#.#* ≈ * ,
##.## #.##.##* ≈ *
,*
#.###...###.####* *
, , #>.......##.# ≈
* , **
#####....##.# ** *
*
*##########(#.##.##
* ,
......@@(..#.#...#
**
############.....#
###...# #####


You could see Joseph.

Vanquished Creatures
  2 trolls
  2 hippogriffs (D:7)
  Sigmund (D:4)
  Eustachio (D:5)
  2 orc warriors
  2 sky beasts (D:7)
  An ice beast (D:5)
  A necrophage (D:6)
  A phantom (D:8)
  A black bear (D:8)
  2 centaurs
  A big kobold (D:8)
  Blork the orc (D:6)
  2 bullfrogs
  A gnoll sergeant (D:6)
  A scorpion (D:7)
  2 howler monkeys
  A crimson imp (D:6)
  A bullfrog zombie (D:6)
  2 orc priests
  2 hounds
  A jelly (D:8)
  A centaur skeleton (D:6)
  7 orc wizards
  Crazy Yiuf (D:2)
  A bullfrog skeleton (D:7)
  An iguana (D:8)
  3 worker ants
  2 hound zombies (D:7)
  A hound skeleton (D:7)
  2 worker ant zombies (D:6)
  A howler monkey zombie (D:8)
  6 gnolls
  An adder (D:2)
  A shadow imp (D:5)
  3 worms (D:2)
  4 dart slugs
  2 leopard geckos (D:2)
  23 orcs
  10 bats
  3 giant cockroaches
  10 hobgoblins
  19 jackals
  18 kobolds
  7 quokkas
  A ball python (D:1)
  6 frilled lizards
  6 goblins
  A jackal zombie (D:5)
  8 rats
180 creatures vanquished.

Notes
Turn   | Place    | Note
-------+----------+-------------------------------------------
     0 | D:1      | poirepourri the Deep Dwarf Fighter began the quest for the
                  | Orb.
     0 | D:1      | Reached XP level 1. HP: 20/20 MP: 1/1
    52 | D:1      | Reached skill level 3 in Axes
    71 | D:1      | Reached XP level 2. HP: 27/27 MP: 2/2
   224 | D:1      | Reached XP level 3. HP: 26/33 MP: 3/3
   250 | D:1      | Reached skill level 4 in Axes
   679 | D:2      | Found a runed door.
   723 | D:2      | Reached XP level 4. HP: 26/40 MP: 4/4
   724 | D:2      | Found a basalt altar of Yredelemnul.
   804 | D:2      | Reached skill level 5 in Axes
   813 | D:2      | Found a sacrificial altar of Ru.
  1268 | D:2      | Noticed Crazy Yiuf
  1270 | D:2      | Killed Crazy Yiuf
  1335 | D:3      | Reached skill level 6 in Axes
  1335 | D:3      | Reached XP level 5. HP: 41/46 MP: 4/4
  1878 | D:4      | Noticed Sigmund
  1885 | D:4      | Killed Sigmund
  1885 | D:4      | Reached skill level 7 in Axes
  1885 | D:4      | Reached XP level 6. HP: 41/55 MP: 5/5
  2425 | D:5      | Entered Level 5 of the Dungeon
  2535 | D:5      | Found a white marble altar of Elyvilon.
  2621 | D:5      | Reached skill level 8 in Axes
  2632 | D:5      | Noticed Eustachio
  2646 | D:5      | Reached XP level 7. HP: 34/61 MP: 6/6
  2660 | D:5      | Killed Eustachio
  2660 | D:5      | Reached skill level 9 in Axes
  2789 | D:5      | Found a staircase to the Ecumenical Temple.
  2810 | Temple   | Entered the Ecumenical Temple
  3013 | Temple   | Became a worshipper of Makhleb the Destroyer
  3542 | D:6      | Noticed Blork the orc
  3641 | D:6      | Reached skill level 10 in Axes
  3688 | D:6      | Reached XP level 8. HP: 53/68 MP: 6/6
  3709 | D:6      | Killed Blork the orc
  3791 | D:6      | Noticed a troll
  3802 | D:6      | Killed a troll
  3802 | D:6      | Reached skill level 11 in Axes
  3849 | D:6      | Reached * piety under Makhleb
  3859 | D:6      | Found a hazy altar of Hepliaklqana.
  4305 | D:7      | Noticed a hippogriff
  4315 | D:7      | Killed a hippogriff
  4315 | D:7      | Reached skill level 12 in Axes
  4366 | D:7      | Found an opulent altar of Gozag.
  4372 | D:7      | Noticed a hippogriff
  4383 | D:7      | Killed a hippogriff
  4383 | D:7      | Gained mutation: You passively map the area around you.
                  | [Deep Dwarf growth]
  4383 | D:7      | Reached XP level 9. HP: 53/76 MP: 5/5
  4386 | D:7      | Found a blossoming altar of Fedhas.
  4435 | D:7      | Noticed a troll
  4449 | D:7      | Killed a troll
  4509 | D:7      | Reached skill level 5 in Fighting
  4996 | D:7      | Found a glowing golden altar of the Shining One.
  5068 | D:7      | Found a radiant altar of Vehumet.
  5119 | D:8      | Reached ** piety under Makhleb
  5174 | D:8      | Found Vodgh's Distillery.
  5182 | D:8      | Bought a potion of heal wounds for 60 gold pieces
  5182 | D:8      | Bought a potion of heal wounds for 60 gold pieces
  5217 | D:8      | Found a deep blue altar of Sif Muna.
  5335 | D:8      | Noticed Joseph
  5353 | D:8      | Splashed by Joseph's acid

Skill      XL: |  1  2  3  4  5  6  7  8  9 |
---------------+----------------------------+-----
Axes           | 3 4 6 7 8 10 12 | 12.4
Fighting       | 3 7 |  7.5
Armour         | |  3.2
Shields        | |  3.2

Action                   |  1- 3 |  4- 6 |  7- 9 || total
-------------------------+-------+-------+-------++-------
Melee: War axe           |   115 |   130 |   221 ||   466
 Abil: Heal Wounds       |     1 |     3 |     9 ||    13
Evoke: Wand              |       |     3 |     5 ||     8
  Use: Scroll            |     6 |     8 |     8 ||    22
       Potion            |       |     2 |     7 ||     9
  Eat: Ration            |       |     2 |     3 ||     5
Armor: Scale mail        |    82 |    64 |    71 ||   217
Dodge: Dodged            |    40 |    39 |    59 ||   138
Block: Shield            |    69 |    65 |   113 ||   247
